 Dungeon Crawl Stone Soup version 0.30-a0-793-g160f7cfddd (webtiles) character file.

Game seed: 2138235954897833423

8421 kingofthe the Nimble (level 11, -3/54 HPs)
             Began as a Deep Elf Conjurer on Feb 19, 2023.
             Was an Elder of Sif Muna.
             Slain by an ice dragon (8 damage)
             ... on level 11 of the Dungeon.
             The game lasted 00:42:25 (12901 turns).

kingofthe the Nimble (Deep Elf Conjurer)           Turns: 12901, Time: 00:42:26

Health: -3/54      AC:  5    Str:  4    XL:     11   Next: 9%
Magic:  0/26       EV: 25    Int: 24    God:    Sif Muna [****..]
Gold:   255        SH:  4    Dex: 23    Spells: 12/28 levels left

rFire   + . .      SeeInvis .    a - staff of conjuration {!a!a}
rCold   + . .      Faith    .    e - +0 buckler
rNeg    . . .      Spirit   +    M - +0 robe {Will+}
rPois   .          Reflect  .    k - +0 helmet
rElec   .          Harm     .    I - scarf {rC+ rF+}
rCorr   .          Rampage  +    d - +0 pair of gloves
Will    ++...                    L - +0 pair of boots {rampage}
Stlth   ++++                     Q - amulet of guardian spirit
HPRegen 0.29/turn                E - +5 ring of evasion
MPRegen 0.20/turn                D - +6 ring of dexterity

@: no status effects
A: no striking features
a: Renounce Religion, Channel Magic, Forget Spell, Divine Exegesis


You were on level 11 of the Dungeon.
You worshipped Sif Muna.
Sif Muna was greatly pleased with you.
You visited 2 branches of the dungeon, and saw 12 of its levels.

You collected 534 gold pieces.
You spent 279 gold pieces at shops.


   Skills:
 + Level 10.0 Dodging
 - Level 7.0 Stealth
 + Level 9.1 Spellcasting
 * Level 9.5 Conjurations
 - Level 6.6 Hexes
 * Level 8.1 Fire Magic
 * Level 5.3 Invocations


You had 12 spell levels left.
You knew the following spells:

 Your Spells              Type           Power      Damage    Failure   Level
a - Magic Dart            Conj           100%       1d8       1%          1
b - Searing Ray           Conj           100%       2d8       1%          2
d - Dazzling Flash        Conj/Hex       100%       N/A       1%          3
f - Fulminant Prism       Conj/Hex       32%        3d15      2%          4
x - Foxfire               Conj/Fire      100%       2x1d9     1%          1
F - Fireball              Conj/Fire      34%        3d14      6%          5

Your spell library contained the following spells:

 Spells                   Type           Power      Damage    Failure   Level
 Ensorcelled Hibernation  Hex/Ice        52%        N/A       3%          2
 Mephitic Cloud           Conj/Pois/Air  39%        N/A       6%          3
 Portal Projectile        Hex/Tloc       52%        N/A       6%          3
 Iskenderun's Mystic Bla  Conj/Tloc      50%        2d11      11%         4
 Call Imp                 Summ           10%        N/A       12%         2
 Passwall                 Tmut/Erth      8%         N/A       12%         2
 Leda's Liquefaction      Hex/Erth       13%        N/A       21%         4
 Call Canine Familiar     Summ           10%        N/A       24%         3
 Swiftness                Air            10%        N/A       24%         3
 Starburst                Conj/Fire      34%        6d10      32%         6
 Summon Mana Viper        Hex/Summ       26%        N/A       50%         5
 Summon Ice Beast         Ice/Summ       10%        N/A       61%         4
 Monstrous Menagerie      Summ           5%         N/A       100%        7

Inventory:

Hand Weapons
 b - the +4 rapier of Summer {pain, Dex+4}
   (You found it on level 5 of the Dungeon)

   Dex:       It affects your dexterity (+4).
 F - a +0 whip of electrocution
 P - a +4 vampiric dagger
Armour
 d - a +0 pair of gloves (worn)
 e - a +0 buckler (worn)
 j - +0 steam dragon scales
 k - a +0 helmet (worn)
 I - a scarf of resistance (worn)
 J - a +0 cloak
 L - a +0 pair of boots of rampaging (worn)
 M - a +0 robe of willpower (worn)
 R - a +1 chain mail of willpower
 T - a +1 robe of positive energy
Magical Staves
 a - a staff of conjuration (weapon) {!a!a}
 w - a staff of earth {!a!a}
Jewellery
 C - a ring of ice
 D - a +6 ring of dexterity (right hand)
 E - a +5 ring of evasion (left hand)
 Q - an amulet of guardian spirit (around neck)
Wands
 s - a wand of charming (8)
 x - a wand of polymorph (13)
 y - a wand of iceblast (24)
 B - a wand of flame (23)
Scrolls
 c - 2 scrolls of immolation
 h - 3 scrolls of identify {@r1@r1}
 i - 6 scrolls of amnesia
 l - a scroll of torment {unknown}
 m - a scroll of fog
 p - 4 scrolls of noise
 r - a scroll of silence {!r!r}
 t - 3 scrolls of poison
 u - a scroll of vulnerability {unknown}
 A - a scroll of magic mapping {unknown}
 H - a scroll of enchant armour {unknown}
 N - a scroll of teleportation {unknown}
Potions
 f - 2 potions of lignification
 g - 5 potions of curing {@q1@q1}
 n - 3 potions of might
 o - a potion of heal wounds {@q2@q2}
 q - 3 potions of berserk rage {!q!q}
 z - a potion of ambrosia {unknown}
 G - a potion of degeneration {unknown}
 K - 3 potions of flight {unknown}
 S - a potion of mutation {unknown}
Miscellaneous
 O - a box of beasts

Dungeon Overview and Level Annotations

Branches:
Dungeon (11/15)            Temple (1/1) D:4
   Lair: D:8-11         Orc: D:9-12

Altars:
Ashenzari
Cheibriados
Dithmenos
Elyvilon
Fedhas
Gozag
Hepliaklqana
Kikubaaqudgha
Makhleb
Nemelex Xobeh
Okawaru
Qazlal
Ru
Sif Muna
Trog
Uskayaw
Vehumet
Wu Jian
Xom
Yredelemnul
Zin
The Shining One

Shops:
D:4 *   D:7 *

Annotations:
D:10 exclusions: 7 doors and orange demon, Amaemon
D:11 exclusions: deep elf pyromancer and wraith, Josephine, Urug

#.#.###.# .P
#.#... P.
#.#..## eP
#.#### PP #.#
P #.# # ####
#.#
...#.####..#
#.#
.....†D#.#.#
##.# #@##.#
#..# ####.+
##.## #####.#
#...####
###....##
#..###.#
#.....##
###..###.#
##...##
.......#.#
##'## ..
.##..#.#.#
#.###.... .
.##.##.#.####
#.....# ...


You could see an ice dragon.


Message History

The searing ray misses the polar bear.
The ice dragon bites you.
* * * LOW HITPOINT WARNING * * *
The ice dragon claws you but does no damage.
You block the ice dragon's attack.
You take 1 damage, and have 10/54 hp.
You now have 8/26 mp.
The searing ray hits the ice dragon but does no damage.
The ice dragon is almost dead.
The searing ray hits the yak!
You kill the yak!
Sif Muna accepts your kill.
The searing ray hits the polar bear.
The polar bear is almost dead.
You finish channelling your searing ray.
You block the ice dragon's attack.
The ice dragon completely misses you. x2
Your Dodging skill increases to level 10!
You now have 7/26 mp.
Casting: Searing Ray (safe; 1% risk of failure)
Confirm with . or Enter, or press ? or * to list all spells.
Aiming: Searing Ray (safe; 1% risk of failure)
Press: ? - help, Shift-Dir - straight line You feel a surge of power!
The searing ray hits the ice dragon.
The ice dragon is almost dead.
The searing ray hits the polar bear!
You kill the polar bear!
Sif Muna accepts your kill. (Press . to maintain the ray.)
The ice dragon bites you!
* * * LOW HITPOINT WARNING * * *
The ice dragon claws you!
You die...

Skill      XL: |  1  2  3  4  5  6  7  8  9 10 11 |
---------------+----------------------------------+-----
Spellcasting   | 4 5 6 7 9 |  9.1
Dodging        | 3 4 5 6 7 9 10 | 10.0
Stealth        | 3 4 5 6 7 |  7.0
Conjurations   | 5 6 7 9 |  9.5
Hexes          | 1 3 4 5 6 |  6.6
Fire Magic     | 1 4 6 7 8 |  8.1
Invocations    | 1 5 |  5.3

Action                     |  1- 3 |  4- 6 |  7- 9 | 10-12 || total
---------------------------+-------+-------+-------+-------++-------
  Melee: Unarmed           |    13 |       |       |       ||    13
         Rapier            |       |       |     4 |       ||     4
   Cast: Magic Dart        |    58 |    47 |    31 |     3 ||   139
         Searing Ray       |     1 |    22 |    30 |    17 ||    70
         Foxfire           |       |       |   211 |   150 ||   361
         Fulminant Prism   |       |       |     8 |     4 ||    12
  Evoke: Wand              |       |       |     2 |       ||     2
    Use: Scroll            |       |       |     9 |     1 ||    10
         Potion            |       |       |     1 |     4 ||     5
 Armour: Robe              |     7 |     1 |     4 |    19 ||    31
  Dodge: Dodged            |     9 |    12 |    72 |   136 ||   229
  Block: Buckler           |       |     2 |    10 |    23 ||    35

Levels and vault maps discovered:
D:1:      scummos_arrival_forest, layout_basic, chequers_serial_rivers_small_a
D:2:      layout_basic, st_stairs_3, minmay_surrounded
D:3:      layout_basic, mainiacjoe_overflow_24_doors,
          mainiacjoe_overflow_boulevard, uniq_ijyb
D:4:      layout_basic, xom_teletrap_fun, minmay_temple_entry_large_hall,
          serial_shops, shop
D:5:      layout_loops_ring, trog_ov_bears_minmay,
          eat_drink_and_be_merry_uskayaw, marbit_many_paths
D:6:      layout_loops_ring, lightli_temple_of_fire, uniq_prince_ribbit1
D:7:      layout_basic, gammafunk_temple_overflow_elements, serial_shops,
          nicolae_take_the_stairs, grunt_ministairs_13
D:8:      layout_basic, nicolae_gozag_cash_rules_everything_around_me,
          grunt_decor_fettered, lemuel_flamethrower_1
D:9:      layout_basic
D:10:     layout_stronghold, cheibrodos_ashenzari_chains, uniq_amaemon
D:11:     layout_loops_corners, grunt_lair_entry_orc_guard_hut, david_orc_3,
          serial_ice, serial_ice_b, serial_ice_a, serial_ice_i, serial_ice_o,
          serial_ice_e, serial_ice_f, portal_ice_cave_entry_animals_and_master,
          serial_shops, shop, nicolae_wu_jian_wuxing_cycle, uniq_josephine,
          uniq_urug, uniq_psyche
Temple:   nicolae_temple_bog_church

Notes
Turn   | Place    | Note
-------+----------+-------------------------------------------
     0 | D:1      | kingofthe the Deep Elf Conjurer began the quest for the
                  | Orb.
     0 | D:1      | Reached XP level 1. HP: 10/10 MP: 6/6
   375 | D:1      | Reached skill level 4 in Spellcasting
   375 | D:1      | Reached XP level 2. HP: 15/15 MP: 6/9
   412 | D:1      | Learned a level 2 spell: Searing Ray
  1200 | D:2      | Reached XP level 3. HP: 19/19 MP: 8/10
  1296 | D:2      | Reached skill level 3 in Dodging
  1567 | D:2      | Reached skill level 3 in Stealth
  1928 | D:3      | Reached XP level 4. HP: 24/24 MP: 10/12
  2192 | D:3      | Found a hazy altar of Hepliaklqana.
  2192 | D:3      | Noticed a scorpion
  2199 | D:3      | Killed a scorpion
  2200 | D:3      | Reached skill level 5 in Conjurations
  2207 | D:3      | HP: 2/24 [poisoned by a scorpion]
  2450 | D:3      | Reached XP level 5. HP: 28/28 MP: 10/13
  2522 | D:3      | Noticed Ijyb
  2530 | D:3      | Killed Ijyb
  2531 | D:3      | Reached skill level 4 in Dodging
  2896 | D:3      | Found a basalt altar of Yredelemnul.
  3216 | D:4      | Learned a level 3 spell: Dazzling Flash
  3235 | D:4      | Noticed a water moccasin
  3239 | D:4      | Killed a water moccasin
  3240 | D:4      | Reached skill level 5 in Spellcasting
  3240 | D:4      | Reached skill level 1 in Hexes
  3240 | D:4      | Reached XP level 6. HP: 32/32 MP: 9/15
  3292 | D:4      | Found a staircase to the Ecumenical Temple.
  3316 | Temple   | Entered the Ecumenical Temple
  3374 | Temple   | Became a worshipper of Sif Muna the Loreminder
  3550 | D:4      | Reached skill level 2 in Hexes
  3709 | D:4      | Reached skill level 4 in Stealth
  3774 | D:4      | Reached skill level 5 in Dodging
  3806 | D:4      | Reached skill level 3 in Hexes
  4137 | D:4      | Reached XP level 7. HP: 36/36 MP: 13/17
  4309 | D:4      | Found a shimmering altar of Xom.
  4315 | D:4      | Found Ledghou's Assorted Antiques.
  4623 | D:5      | Entered Level 5 of the Dungeon
  4697 | D:5      | Identified the +4 rapier of Summer {pain, Dex+4}
  4734 | D:5      | Reached skill level 6 in Conjurations
  4734 | D:5      | Reached skill level 4 in Hexes
  4739 | D:5      | Learned a level 4 spell: Fulminant Prism
  5129 | D:5      | Learned a level 1 spell: Foxfire
  5138 | D:5      | Reached skill level 6 in Dodging
  5189 | D:5      | Reached skill level 5 in Stealth
  5189 | D:5      | Reached skill level 1 in Fire Magic
  5195 | D:5      | Reached skill level 6 in Spellcasting
  5195 | D:5      | Reached XP level 8. HP: 41/41 MP: 8/19
  5198 | D:5      | Found a bloodstained altar of Trog.
  5390 | D:5      | Reached skill level 2 in Fire Magic
  5573 | D:5      | Found a hide-covered altar of Uskayaw.
  5750 | D:5      | Found a glowing golden altar of the Shining One.
  5919 | D:6      | Found a burning altar of Makhleb.
  6074 | D:6      | Reached skill level 5 in Hexes
  6121 | D:6      | Reached * piety under Sif Muna
  6122 | D:6      | Reached skill level 7 in Dodging
  6151 | D:6      | Reached skill level 3 in Fire Magic
  6293 | D:6      | Noticed Prince Ribbit
  6300 | D:6      | Killed Prince Ribbit
  6429 | D:6      | Reached skill level 6 in Stealth
  6429 | D:6      | Reached skill level 4 in Fire Magic
  6877 | D:7      | Learned a level 5 spell: Fireball
  6902 | D:7      | Reached XP level 9. HP: 45/45 MP: 13/21
  7089 | D:7      | Reached skill level 7 in Spellcasting
  7167 | D:7      | Reached skill level 7 in Conjurations
  7223 | D:7      | Reached skill level 8 in Dodging
  7357 | D:7      | Reached skill level 6 in Hexes
  7430 | D:7      | Reached skill level 5 in Fire Magic
  7578 | D:7      | Reached ** piety under Sif Muna
  7652 | D:7      | Found a glowing silver altar of Zin.
  7652 | D:7      | Found an iron altar of Okawaru.
  7932 | D:7      | Found Ofutablo's Assorted Antiques.
  8721 | D:8      | Reached skill level 9 in Dodging
  8721 | D:8      | Reached skill level 7 in Stealth
  9018 | D:8      | Found an opulent altar of Gozag.
  9218 | D:7      | Bought a pair of embroidered boots for 187 gold pieces
  9218 | D:7      | Bought an embroidered robe for 92 gold pieces
  9355 | D:9      | Reached skill level 6 in Fire Magic
  9367 | D:9      | Identified a scarf of resistance
  9453 | D:9      | Reached skill level 1 in Invocations
  9593 | D:9      | Reached XP level 10. HP: 50/50 MP: 15/23
  9780 | D:9      | Reached skill level 8 in Spellcasting
  9781 | D:9      | Reached skill level 8 in Conjurations
 10030 | D:9      | Reached skill level 2 in Invocations
 10033 | D:9      | Reached *** piety under Sif Muna
 10194 | D:10     | Entered Level 10 of the Dungeon
 10731 | D:10     | Noticed an orange demon
 11393 | D:10     | Noticed Amaemon
 11551 | D:10     | Found a broken altar of Ashenzari.
 11752 | D:10     | Reached skill level 3 in Invocations
 12187 | D:11     | Noticed a gargoyle
 12201 | D:11     | Killed a gargoyle
 12202 | D:11     | Reached skill level 7 in Fire Magic
 12262 | D:11     | Reached skill level 4 in Invocations
 12426 | D:11     | Reached skill level 9 in Conjurations
 12456 | D:11     | Noticed a deep elf pyromancer
 12547 | D:11     | Reached **** piety under Sif Muna
 12642 | D:11     | Noticed Josephine
 12676 | D:11     | Noticed Psyche
 12687 | D:11     | Killed Psyche
 12688 | D:11     | Reached skill level 5 in Invocations
 12849 | D:11     | Noticed Urug
 12869 | D:11     | Noticed an ice dragon
 12877 | D:11     | Reached skill level 9 in Spellcasting
 12877 | D:11     | Reached XP level 11. HP: 51/54 MP: 14/26
 12878 | D:11     | Reached skill level 8 in Fire Magic
 12893 | D:11     | HP: 3/54 [ice dragon/blast of cold (11)]
 12901 | D:11     | Reached skill level 10 in Dodging
 12901 | D:11     | HP: 5/54 [ice dragon (5)]
 12901 | D:11     | Slain by an ice dragon

Vanquished Creatures
  Psyche (D:11)
  A gargoyle (D:11)
  A troll (D:10)
  3 polar bears (D:11)
  Prince Ribbit (D:6)
  5 centaur simulacra (D:11)
  A water elemental (D:11)
  7 yaks
  2 steam dragons
  An acid dragon (D:9)
  3 water moccasins
  6 ice beasts
  3 orc warriors
  4 black bears
  An ogre (D:4)
  2 wolves (D:11)
  A phantom (D:4)
  2 bullfrogs
  3 kobold brigands
  A necrophage (D:8)
  5 scorpions
  2 gnoll sergeants
  7 wights
  8 killer bees
  2 howler monkeys (D:10)
  An electric eel (D:11)
  5 orc priests
  3 hounds
  4 jellies
  Ijyb (D:3)
  5 iguanas
  12 orc wizards
  7 gnolls
  9 adders
  7 white imps
  4 ufetubi
  2 worms
  2 dart slugs
  29 orcs
  3 ball pythons
  5 bats
  5 endoplasms
  2 giant cockroaches
  11 goblins
  2 hobgoblins
  11 jackals
  3 quokkas
  23 kobolds
  6 rats
235 creatures vanquished.

Vanquished Creatures (collateral kills)
  A foxfire (D:9)
1 creature vanquished.

Vanquished Creatures (others)
  An unseen horror (D:11)
  613 foxfires
  12 fulminant prisms
626 creatures vanquished.

Grand Total: 862 creatures vanquished

Table legend: (Time is in decaauts)
 A = Elapsed time spent in this place.
 B = Non-inter-level travel time spent in this place.
 C = Inter-level travel time spent in this place.
 D = Time resting spent in this place.
 E = Time spent auto-exploring this place.
 F = Levels seen in this place.
 G = Mean time per level.
                   A        B        C        D        E       F      G
               +--------+--------+--------+--------+--------+-----+--------+
         Total |  12911 |  12343 |    568 |   1152 |   8864 |  12 | 1075.9 |
       Dungeon |  12695 |  12144 |    551 |   1152 |   8679 |  11 | 1154.1 |
        Temple |    215 |    198 |     17 |      0 |    185 |   1 |  215.0 |
               +--------+--------+--------+--------+--------+-----+--------+

Top non-repeatable levels by time:
    D:10: 1490 daAuts
     D:8: 1334 daAuts
     D:7: 1317 daAuts
     D:4: 1278 daAuts
     D:3: 1273 daAuts
     D:5: 1173 daAuts
     D:9: 1172 daAuts
     D:1: 1166 daAuts
     D:6: 949 daAuts
    D:11: 783 daAuts
     D:2: 756 daAuts
  Temple: 215 daAuts

Table legend:
 A = Non-vault XP
 B = Vault XP
 C = Vault XP percentage of total XP
 D = Non-vault monster count
 E = Vault monster count
 F = Vault count percentage of total count
                 A         B        C        D         E       F
            +---------+---------+-------+---------+---------+-------
      Total |    7904 |    4418 |  35.9 |     195 |      41 |  17.4
            +---------+---------+-------+---------+---------+-------
        D:1 |      27 |       0 |   0.0 |      16 |       0 |   0.0
        D:2 |      46 |      23 |  33.3 |      10 |       6 |  37.5
        D:3 |     126 |      36 |  22.2 |      26 |       1 |   3.7
        D:4 |     647 |       0 |   0.0 |      21 |       0 |   0.0
        D:5 |     643 |     332 |  34.1 |      13 |       3 |  18.8
        D:6 |     579 |     255 |  30.6 |      10 |       1 |   9.1
        D:7 |    1305 |      81 |   5.8 |      26 |       5 |  16.1
        D:8 |    1138 |       0 |   0.0 |      24 |       0 |   0.0
        D:9 |    1115 |       0 |   0.0 |      23 |       0 |   0.0
       D:10 |    1409 |       0 |   0.0 |      22 |       0 |   0.0
       D:11 |     869 |    3691 |  80.9 |       4 |      25 |  86.2
            +---------+---------+-------+---------+---------+-------
